 Dungeon Crawl Stone Soup version 0.30-a0-901-g7006a02 (webtiles) character file.

Game seed: 4726091684135092403

196 Illumine the Trooper (level 5, 0/34 HPs)
             Began as a Gargoyle Fighter on Mar 18, 2023.
             Was an Initiate of Okawaru.
             Slain by an orc warrior
             ... wielding a +0 morningstar
              (7 damage)
             ... on level 5 of the Dungeon.
             The game lasted 00:04:47 (2106 turns).

Illumine the Trooper (Gargoyle Fighter)             Turns: 2106, Time: 00:04:49

Health: 0/34       AC: 17    Str: 22    XL:     5   Next: 75%
Magic:  5/5        EV:  6    Int:  8    God:    Okawaru [......]
Gold:   72         SH:  4    Dex:  9    Spells: 4/4 levels left

rFire   . . .      SeeInvis .    t - +1 mace (heavy)
rCold   . . .      Faith    .    c - +0 buckler
rNeg    + . .      Spirit   .    g - +0 plate armour
rPois   ∞          Reflect  .    s - +2 hat
rElec   +          Rampage  .    (no cloak)
rCorr   .                        (no gloves)
Will    .....                    (no boots) Stlth
                                 (no amulet)
HPRegen 0.25/turn                (no ring)
MPRegen 0.09/turn                (no ring)

@: mighty
A: sickness immunity, AC +4, negative energy resistance 1, electricity
resistance, torment resistance 1, petrification resistance
a: Renounce Religion


You were on level 5 of the Dungeon.
You worshipped Okawaru.
Okawaru was noncommittal.
You visited 2 branches of the dungeon, and saw 6 of its levels.

You collected 72 gold pieces.

Inventory:

Hand Weapons
 a - a +0 flail
 t - a +1 heavy mace (weapon)
Missiles
 l - 5 javelins (quivered)
Armour
 c - a +0 buckler (worn)
 g - a +0 plate armour (worn)
 i - a +0 helmet
 s - a +2 hat (worn)
Jewellery
 m - a ring of ice
Scrolls
 b - 2 scrolls of fog {unknown}
 f - 2 scrolls of identify {unknown}
 h - 2 scrolls of teleportation {unknown}
 k - a scroll of noise {unknown}
 n - a scroll of poison {unknown}
Potions
 d - a potion of might
 e - a potion of haste {unknown}
 j - 2 potions of degeneration {unknown}
 o - a potion of berserk rage {unknown}
 p - a potion of attraction {unknown}
 q - a potion of brilliance {unknown}
 r - 2 potions of mutation {unknown}


   Skills:
 + Level 4.3 Fighting
 * Level 4.0 Maces & Flails
 + Level 4.2 Armour
 - Level 4.0 Shields
 + Level 0.0 Invocations


You had 4 spell levels left.
You didn't know any spells.
Your spell library contained the following spells:

 Spells                   Type           Power      Damage    Failure   Level
 Lesser Beckoning         Tloc           0%         N/A       100%        2
 Poisonous Vapours        Pois/Air       0%         N/A       100%        2
 Gell's Gravitas          Tloc           0%         N/A       100%        3
 Mephitic Cloud           Conj/Pois/Air  0%         N/A       100%        3
 Teleport Other           Tloc           0%         N/A       100%        3
 Cigotuvi's Dreadful Rot  Necr/Pois/Air  Unusable   N/A       N/A         2

Dungeon Overview and Level Annotations

Branches:
Dungeon (5/15)             Temple (1/1) D:4

Altars:
Dithmenos
Elyvilon
Okawaru
Vehumet

Annotations:
D:4 1 runed translucent door, Edmund; Menkaure; Radamante's ghost, amateur TrHW


Innate Abilities, Weirdness & Mutations

You are immune to sickness and miasma.
Your stone body is resilient. (AC +4)
You are immune to poison.
You resist negative energy. (rN+)
You are resistant to electric shocks. (rElec)
You are resistant to unholy torment.
You are immune to petrification.


Message History

HP restored.
Found a white marble altar of Elyvilon.
There is an iron altar of Okawaru here.
You kneel at the altar of Okawaru.
Okawaru welcomes you!
There is a staircase back to the Dungeon here.
You climb upwards.
Welcome back to the Dungeon!
You hear the hiss of flowing sand.
There is an entrance to an ossuary on this level.
Hurry and find it before the portal is buried!
Level annotation: Edmund, Menkaure You hear the rapid hiss of a distant avalanche of sand.
There is a staircase to the Ecumenical Temple here.
Found a runed translucent door.
Found a phial of floods.
Radamante's ghost turns its malevolent gaze towards you.
Found a stone staircase leading down.
Edmund shouts!
Radamante's ghost lets out a mournful wail.
There is a stone staircase leading down here.
You climb downwards.
The orc warrior shouts!
The orc shouts! x2
There is a stone staircase leading up here.
You feel very mighty all of a sudden.
You hit the orc warrior.
The orc warrior is moderately wounded.
The orc warrior hits you with a +0 morningstar!
The orc hits you with a +0 whip.
You closely miss the orc warrior.
The orc warrior is lightly wounded.
The orc barely misses you. You block the orc's attack.
The orc warrior hits you but does no damage. x2
The orc hits you but does no damage. The orc hits you with a +0 whip.
You bludgeon the orc warrior!!
The orc warrior is almost dead.
The orc closely misses you. The orc hits you but does no damage.
The orc warrior hits you with a +0 morningstar!
You block the orc's attack. The orc hits you with a +0 war axe.
* * * LOW HITPOINT WARNING * * *
The orc warrior hits you with a +0 morningstar!
You die...

#..
+..
#.. ..
#.
###.##
+...o#
#..o@#
#..o.#
#....#
##..##
#..
#..
#..
#..


You could see an orc warrior and 2 orcs.

Vanquished Creatures
  A jelly (D:4)
  An orc priest (D:3)
  An iguana (D:4)
  5 adders
  A worm (D:2)
  8 orcs
  7 ball pythons
  4 bats
  7 endoplasms
  3 giant cockroaches (D:1)
  3 goblins
  4 hobgoblins
  A quokka (D:1)
  3 frilled lizards
  5 kobolds
  2 rats
56 creatures vanquished.

Notes
Turn   | Place    | Note
-------+----------+-------------------------------------------
     0 | D:1      | Illumine the Gargoyle Fighter began the quest for the Orb.
     0 | D:1      | Reached XP level 1. HP: 14/14 MP: 1/1
    27 | D:1      | You fall into a shaft and drop 1 floor!
   144 | D:2      | Reached XP level 2. HP: 19/19 MP: 2/2
   146 | D:2      | Found a faded altar of an unknown god.
   779 | D:2      | Reached XP level 3. HP: 23/23 MP: 3/3
  1427 | D:3      | Identified the +0 ring mail "Reotru" {rC+ Regen+}
  1543 | D:3      | Reached XP level 4. HP: 29/29 MP: 4/4
  1769 | D:4      | Noticed Menkaure
  1769 | D:4      | Noticed Edmund
  1791 | D:3      | Reached XP level 5. HP: 16/33 MP: 5/5
  2037 | D:4      | Found a staircase to the Ecumenical Temple.
  2061 | Temple   | Entered the Ecumenical Temple
  2075 | Temple   | Became a worshipper of Warmaster Okawaru
  2094 | D:4      | Found a runed translucent door.
  2095 | D:4      | Noticed Radamante's ghost (amateur TrHW)
  2102 | D:5      | Entered Level 5 of the Dungeon
  2102 | D:5      | Noticed an orc warrior
  2106 | D:5      | Slain by an orc warrior

Illustrated notes

Levels and vault maps discovered:
D:1:      lightli_arrival_isolated_outpost, layout_rooms
D:2:      minmay_wonky_spiral, layout_basic,
          dreamdust_ecumenical_altar_angels_and_demons
D:3:      layout_basic, minmay_misc_feat_square
D:4:      layout_basic, minmay_temple_entry_sparse_star, gammafunk_ghost_grave,
          nicolae_ossuary_entry_ruins, uniq_menkaure, uniq_edmund,
          uniq_blork_the_orc
D:5:      layout_gridville, nicolae_underground_beach
Temple:   nicolae_temple_bog_church

Skill      XL: |  1  2  3  4  5 |
---------------+----------------+-----
Maces & Flails | 3 4 |  4.0
Fighting       | 4 |  4.3
Armour         | 4 |  4.2
Shields        | 4 |  4.0

Action                     |  1- 3 |  4- 6 || total
---------------------------+-------+-------++-------
  Melee: Flail             |   143 |    29 ||   172
         Mace              |       |    34 ||    34
    Use: Potion            |       |     1 ||     1
 Armour: Scale mail        |     5 |       ||     5
         Plate armour      |   136 |    58 ||   194
  Dodge: Dodged            |    50 |    26 ||    76
  Block: Buckler           |    36 |    23 ||    59

Table legend: (Time is in decaauts)
 A = Elapsed time spent in this place.
 B = Non-inter-level travel time spent in this place.
 C = Inter-level travel time spent in this place.
 D = Time resting spent in this place.
 E = Time spent auto-exploring this place.
 F = Levels seen in this place.
 G = Mean time per level.
                   A        B        C        D        E       F      G
               +--------+--------+--------+--------+--------+-----+--------+
         Total |   2191 |   2050 |    141 |     80 |   1191 |   6 |  365.2 |
       Dungeon |   2169 |   2034 |    135 |     80 |   1183 |   5 |  433.8 |
        Temple |     21 |     15 |      6 |      0 |      8 |   1 |   21.0 |
               +--------+--------+--------+--------+--------+-----+--------+

Top non-repeatable levels by time:
     D:2: 652 daAuts
     D:3: 647 daAuts
     D:1: 461 daAuts
     D:4: 403 daAuts
  Temple: 21 daAuts
     D:5: 5 daAuts
